 Dungeon Crawl Stone Soup version 0.26.1-2-gb8aa6d0 (webtiles) character file.

Game seed: 6434695979715041637

116 Minkie the Sneak (level 4, 0/21 HPs)
             Began as a Spriggan Enchanter on Mar 24, 2021.
             Slain by a gnoll
             ... wielding a +0 whip
              (5 damage)
             ... on level 2 of the Dungeon.
             The game lasted 00:16:30 (3624 turns).

Minkie the Sneak (Spriggan Enchanter)               Turns: 3624, Time: 00:16:30

Health: 0/21       AC:  2    Str:  4    XL:     4   Next: 69%
Magic:  4/11       EV: 19    Int: 17    God:
Gold:   48         SH:  0    Dex: 22    Spells: 8/11 levels left

rFire    x . .     SeeInvis +   a - +1 dagger
rCold    + . .     Faith    .   (shield restricted)
rNeg     . . .     Spirit   .   b - +0 robe
rPois    .         Reflect  .   (helmet restricted)
rElec    .         Harm     .   (no cloak)
rCorr    .         Rampage  .   (gloves unavailable)
Will     .....                  (boots unavailable)
Stlth    ++++......             (no amulet)
HPRegen  0.07/turn              e - +6 ring of dexterity
MPRegen  0.12/turn              i - ring of ice

@: very slightly contaminated, very quick
A: very small, unfitting armour, see invisible, speed 3
a: no special abilities


You were on level 2 of the Dungeon.
You visited 1 branch of the dungeon, and saw 3 of its levels.

You collected 48 gold pieces.

Inventory:

Hand Weapons
 a - a +1 dagger (weapon)
 h - a +2 short sword of electrocution
Armour
 b - a +0 robe (worn)
Jewellery
 e - a +6 ring of dexterity (left hand)
 i - a ring of ice (right hand)
Scrolls
 c - a scroll of random uselessness {unknown}
 d - a scroll of enchant armour {unknown}
 f - 2 scrolls of identify {unknown}
Potions
 g - a potion of heal wounds {unknown}


   Skills:
 - Level 1.1 Short Blades
 - Level 3.0 Dodging
 + Level 6.0 Stealth
 + Level 4.1 Spellcasting
 + Level 4.8 Hexes


You had 8 spell levels left.
You knew the following spells:

 Your Spells              Type           Power        Failure   Level
a - Corona                Hex            22%          2%          1
b - Ensorcelled Hibernat  Hex/Ice        34%          9%          2

Your spell library contained the following spells:

 Spells                   Type           Power        Failure   Level
 Confusing Touch          Hex            20%          6%          3
 Tukima's Dance           Hex            20%          6%          3
 Dazzling Flash           Conj/Hex       22%          17%         3


Dungeon Overview and Level Annotations

Branches:
Dungeon (3/15)

Altars:
Gozag
Qazlal
Uskayaw
Wu Jian
Yredelemnul
Zin
The Shining One


Innate Abilities, Weirdness & Mutations

You are very small and have problems with some larger weapons.
You are too small for most types of armour.
You have supernaturally acute eyesight. (SInv)
You cover ground extremely quickly.


Message History

The gnoll closely misses you.
Aiming: Ensorcelled Hibernation (safe; 9% risk of failure)
Press: ? - help, Q - select action, (/) - cycle Shift-Dir - straight line, f/p - gnoll
Aim: a gnoll, wielding a +0 whip (not susceptible)
You feel a surge of power!
The gnoll is unaffected.
The gnoll misses you.
You hit the gnoll.
The gnoll is lightly wounded.
The gnoll barely misses you.
You closely miss the gnoll.
The gnoll is lightly wounded.
You hit the gnoll.
The gnoll is moderately wounded.
The gnoll hits you with a +0 whip.
You hit the gnoll but do no damage.
The gnoll is moderately wounded.
The gnoll hits you with a +0 whip.
* * * LOW HITPOINT WARNING * * *
The gnoll hits you with a +0 whip.
You die...

#....#....#.##.#.#
#....###..#.##.#.#
#....# ##.#.##...#
#....# #.#.###..#
#....# #.#.#
#..###########
#########.#.#
#.......>....# #
#......#.#
#.>..........# #
#.######.#
#.g..........# #
#.# #.#
#.@......(...# #.#
#.# #............#
####.## #.#
#............#
......# #.#
##.###########
......# #.# #.#
......#####.####.#
......##.......#.#
......##.......#.#
####.###.......#.#


You could see a gnoll.

Vanquished Creatures
  Robin (D:2)
  3 adders (D:2)
  2 worms (D:2)
  A dart slug (D:1)
  2 leopard geckos
  4 orcs (D:2)
  2 ball pythons
  4 bats
  2 giant cockroaches
  17 goblins
  8 hobgoblins
  3 jackals (D:1)
  A quokka (D:2)
  2 frilled lizards (D:1)
  4 kobolds
  A rat (D:2)
57 creatures vanquished.

Notes
Turn   | Place    | Note
-------+----------+-------------------------------------------
     0 | D:1      | Minkie the Spriggan Enchanter began the quest for the Orb.
     0 | D:1      | Reached XP level 1. HP: 9/9 MP: 5/5
   448 | D:1      | Reached XP level 2. HP: 13/13 MP: 7/7
   473 | D:1      | Learned a level 2 spell: Ensorcelled Hibernation
   759 | D:1      | Reached skill level 5 in Stealth
  1422 | D:1      | Reached XP level 3. HP: 16/16 MP: 5/8
  2383 | D:2      | Noticed Robin
  2433 | D:2      | Reached XP level 4. HP: 17/21 MP: 5/10
  2803 | D:2      | Killed Robin
  2808 | D:2      | Reached skill level 6 in Stealth
  3177 | D:2      | Found a basalt altar of Yredelemnul.
  3178 | D:2      | Found a stormy altar of Qazlal.
  3178 | D:2      | Found a glowing golden altar of the Shining One.
  3333 | D:2      | Found an ornate altar of the Wu Jian Council.
  3335 | D:2      | Found an opulent altar of Gozag.
  3354 | D:2      | Found a glowing silver altar of Zin.
  3358 | D:2      | Found a hide-covered altar of Uskayaw.
  3624 | D:2      | Slain by a gnoll

Illustrated notes

Levels and vault maps discovered:
D:1:      erik_arrival_triangle_medium, layout_basic, chequers_mini_garden
D:2:      layout_basic, grunt_temple_overflow_octagram, uniq_robin
D:3:      layout_basic, chequers_ecumenical_altar_grove, uniq_jessica, uniq_ijyb

Skill      XL: |  1  2  3  4 |
---------------+-------------+-----
Spellcasting   | 3 4 |  4.1
Hexes          | 4 |  4.8
Stealth        | 5 6 |  6.0
Short Blades   | |  1.1
Dodging        | |  3.0

Action                   |  1- 3 |  4- 6 || total
-------------------------+-------+-------++-------
Melee: Dagger            |   104 |    66 ||   170
 Cast: Ensorcelled Hiber |    26 |    17 ||    43
 Stab: Sleeping          |    21 |    11 ||    32
       Distracted        |       |     2 ||     2
Armor: Robe              |     4 |     6 ||    10
Dodge: Dodged            |    65 |    54 ||   119
